AoeStats
← Cristian El Sólido

Fortress

508507629Analyzed
3v3 RM · 10d ago on Sep 22, 2026· 52m 49s· 6 players
Game mode
Random Map
Map size
Large (8 player)
Population
200
Speed
Normal
Resources
Standard
Victory
Conquest
Starting age
Dark Age
Ending age
Imperial Age
RankedLock teamsTeams togetherTeam positionsShared explorationLock speedFull tech treeHidden civsTurbo modeCheats
Victory
Defeat
🇹🇷 Celts · Türkiye
885
+13
🇪🇸 Magyars · Spain
844
+15
🇩🇪 Ethiopians · Germany
803
+17
🇪🇸 Danes · Spain
844
-16
🇪🇸 Burgundians · Spain
832
-15
🇪🇸 Byzantines · Spain
801
-14
pinkylee
8:46 Feudal Age
10:22 Double-Bit Axe
11:21 Horse Collar
16:23 Castle Age
15:27 Fletching
16:08 Gold Mining
17:43 Heavy Plow
18:06 Bow Saw
18:55 Caravan
19:49 Wheelbarrow
20:12 Bodkin Arrow
21:00 Loom
21:30 Stone Mining
22:13 Ballistics
22:05 Masonry
24:06 Hand Cart
24:08 Gambesons
24:24 Squires
24:09 Arson
24:45 Town Watch
25:18 Scale Mail Armor
26:43 Chain Mail Armor
26:39 Forging
30:04 Gold Shaft Mining
30:04 Stone Shaft Mining
32:17 Imperial Age
30:32 Iron Casting
30:29 Hamask
31:08 Man-at-Arms
31:10 Pikeman
32:54 Thumb Ring
32:54 Padded Archer Armor
33:08 Town Patrol
33:25 Cranequins
35:49 Plate Mail Armor
36:20 Blast Furnace
35:21 Bracer
35:37 Leather Archer Armor
35:29 Scale Barding Armor
35:40 Bloodlines
35:31 Husbandry
35:56 Elite Jomsviking
36:57 Conscription
37:15 Halberdier
42:44 Heavy Mounted Crossbowman
44:23 Ring Archer Armor
45:00 Chemistry
44:06 Siege Engineers
47:45 Murder Holes
47:44 Elite Varangian Guard
48:40 Northmen's Fury
50:01 Hoardings
Nirnen
8:57 Feudal Age
10:21 Double-Bit Axe
10:41 Horse Collar
15:18 Castle Age
15:31 Gold Mining
15:37 Stone Mining
18:31 Heavy Plow
18:47 Bow Saw
21:55 Wheelbarrow
25:10 Imperial Age
25:19 Gold Shaft Mining
25:32 Stone Shaft Mining
26:09 Hand Cart
27:31 Two-Man Saw
27:20 Crop Rotation
30:10 Ballistics
30:51 Chemistry
29:47 Murder Holes
29:36 Treadmill Crane
30:29 Elite Cataphract
31:00 Loom
33:21 Logistica
34:44 Forging
34:26 Fletching
34:37 Padded Archer Armor
34:37 Scale Mail Armor
34:43 Scale Barding Armor
36:14 Iron Casting
35:38 Bodkin Arrow
36:10 Bombard Tower
36:03 Fortified Wall
35:45 Guard Tower
38:10 Pikeman
38:51 Squires
38:36 Gambesons
38:12 Elite Varangian Guard
38:22 Heavy Camel Rider
39:04 Husbandry
40:14 Bracer
40:30 Leather Archer Armor
40:30 Chain Mail Armor
40:36 Chain Barding Armor
45:00 Elite Skirmisher
45:45 Thumb Ring
aniolcastellsc
2:19 Double-Bit Axe
2:35 Loom
5:26 Horse Collar
8:12 Wheelbarrow
10:53 Feudal Age
12:19 Bow Saw
12:10 Heavy Plow
12:39 Hand Cart
12:10 Town Watch
12:17 Gold Mining
12:18 Stone Mining
13:35 Gold Shaft Mining
14:42 Stone Shaft Mining
16:45 Castle Age
15:14 Scale Barding Armor
15:02 Fletching
19:43 Burgundian Vineyards
21:43 Two-Man Saw
21:32 Crop Rotation
21:25 Squires
21:11 Arson
23:21 Guilds
23:13 Caravan
24:16 Town Patrol
24:03 Cavalier
26:29 Coinage
31:05 Imperial Age
29:48 Forging
31:00 Husbandry
31:27 Chain Barding Armor
31:43 Iron Casting
33:00 Plate Barding Armor
32:51 Elite Coustillier
36:11 Paladin
37:57 Blast Furnace
38:02 Chemistry
36:58 Murder Holes
38:57 Onager
Kassiber
8:17 Feudal Age
12:55 Castle Age
10:56 Horse Collar
11:33 Double-Bit Axe
13:39 Heavy Plow
13:53 Bow Saw
15:16 Wheelbarrow
17:09 Stone Mining
18:46 Stone Shaft Mining
18:38 Hand Cart
19:49 Gold Mining
23:04 Ballistics
25:20 Gold Shaft Mining
29:02 Imperial Age
26:19 Loom
27:10 Fortified Wall
26:56 Murder Holes
26:25 Crossbowman
28:42 Fletching
28:52 Padded Archer Armor
29:03 Forging
29:25 Squires
29:11 Arson
29:33 Thumb Ring
30:10 Bodkin Arrow
30:30 Leather Archer Armor
32:18 Chemistry
31:10 Heated Shot
31:30 Masonry
30:47 Halberdier
30:50 Arbalester
30:51 Elite Skirmisher
31:35 Bracer
32:41 Two-Man Saw
32:07 Caravan
34:09 Conscription
34:37 Ring Archer Armor
35:45 Iron Casting
38:21 Torsion Engines
39:34 Scale Mail Armor
40:34 Blast Furnace
39:05 Light Cavalry
39:46 Husbandry
44:06 Guard Tower
44:46 Architecture
45:25 Royal Heirs
44:46 Elite Shotel Warrior
44:49 Hussar
45:51 Chain Mail Armor
45:42 Scale Barding Armor
51:40 Plate Mail Armor
53:00 Keep
Cristian El Sólido
7:37 Feudal Age
9:22 Double-Bit Axe
10:07 Horse Collar
11:17 Loom
15:20 Castle Age
17:26 Bloodlines
17:19 Husbandry
18:50 Bow Saw
18:48 Heavy Plow
18:16 Light Cavalry
20:41 Wheelbarrow
20:28 Fletching
21:32 Stone Mining
21:34 Town Watch
25:01 Hand Cart
24:57 Gold Mining
25:19 Bodkin Arrow
26:15 Gold Shaft Mining
26:12 Scale Barding Armor
26:13 Corvinian Army
30:47 Imperial Age
28:41 Town Patrol
29:19 Chain Barding Armor
31:30 Bracer
32:06 Plate Barding Armor
31:46 Masonry
32:37 Chemistry
32:33 Conscription
31:35 Elite Magyar Huszar
33:27 Hoardings
33:34 Caravan
34:52 Sappers
40:29 Murder Holes
45:16 Coinage
46:39 Ballistics
46:00 Treadmill Crane
47:32 Banking
PatriotTURK
0:31 Loom
6:59 Feudal Age
7:26 Double-Bit Axe
7:24 Horse Collar
14:25 Castle Age
13:27 Gold Mining
17:21 Wheelbarrow
17:14 Scale Mail Armor
17:25 Forging
17:21 Heavy Plow
17:33 Bow Saw
19:36 Chain Mail Armor
24:33 Imperial Age
22:47 Hand Cart
23:20 Fortified Wall
24:04 Town Watch
25:34 Iron Casting
26:06 Elite Woad Raider
27:07 Conscription
27:57 Stone Mining
28:47 Gold Shaft Mining
29:25 Plate Mail Armor
29:56 Blast Furnace
30:06 Town Patrol
32:23 Caravan
34:46 Arson
36:03 Ballistics
36:44 Chemistry
39:52 Furor Celtica
39:39 Stronghold
Connection lost

Rejoining the realm…

Still unreachable

The connection could not be restored.

Session expired

The server has moved on; the page needs a fresh start.